MWL (24 & UNDER)
BARRY'S BAY ORIOLES @ CINCINNATI PRIDE
09/16/2029
 
TOP OF THE 1ST
Barry's Bay Orioles batting - Pitching for Cincinnati Pride : RHP Harry Cuevas
Pitching: RHP Harry Cuevas
Batting: RHB Jason Cook 0-0: Ball
1-0: SINGLE (Line Drive, 89M)
Batting: LHB Greg Sharpe 0-0: Ball
1-0: Called Strike
1-1: Fly out, F9 (Flyball, 9S)
Batting: LHB Lúcio Gómez 0-0: Ball
1-0: Foul Ball, location: 2F
1-1: SINGLE (Flyball, 7S)
Jason Cook to second
Batting: LHB Joe Vásquez 0-0: Ball
1-0: Ball
2-0: Ball
3-0: Base on Balls
Jason Cook to third
Lúcio Gómez to second
Batting: RHB River Cunningham 0-0: Ball
1-0: Ball
2-0: Called Strike
2-1: Ball
3-1: Foul Ball, location: 2F
3-2: SINGLE (Line Drive, 7S)
Jason Cook scores
Lúcio Gómez to third
Joe Vásquez to second
Runner from 3rd tries for Home, SAFE, no throw
Batting: RHB Lynn Johnson 0-0: Ball
1-0: SINGLE (Groundball, 6S) (infield hit)
Joe Vásquez to third
River Cunningham to second
Batting: RHB Juan Morales 0-0: Fly out, F4 (Line Drive, 4M)
Lined into DP, 4-5 (Line Drive, 4M)
Top of the 1st over - 2 runs, 4 hits, 0 errors, 2 left on base; Barry's Bay 2 - Cincinnati 0
BOTTOM OF THE 1ST
Cincinnati Pride batting - Pitching for Barry's Bay Orioles : RHP José García
Pitching: RHP José García
Batting: SHB Juan Rodríguez 0-0: Ball
1-0: Ball
2-0: Ball
3-0: Base on Balls
Batting: RHB Noah Sturges 0-0: Ball
1-0: Hit by Pitch
Juan Rodríguez to second
Batting: RHB Jesús Solís 0-0: 3-RUN HOME RUN (Flyball, 7LD), Distance : 370 ft
Pitching: RHP Sergio López
Batting: LHB Carl Hayden 0-0: Called Strike
0-1: Ball
1-1: Fly out, F9 (Flyball, 9D)
Batting: LHB Will O'Dell 0-0: Ball
1-0: Swinging Strike
1-1: Swinging Strike
1-2: Ball
2-2: Ball
3-2: Base on Balls
Batting: RHB Toshiki Kokawa 0-0: Ball
1-0: Ball
2-0: Ball
3-0: Base on Balls
Will O'Dell to second
Pitching: RHP Gordon Young
Batting: LHB Pablo Garza 0-0: Ball
1-0: Called Strike
1-1: Ball
2-1: Called Strike
2-2: Foul Ball, location: 2F
2-2: Ball
3-2: Foul Ball, location: 2F
3-2: Foul Ball, location: 2F
3-2: Strikes out swinging
Batting: LHB Rubén Eirado 0-0: Foul Ball, location: 2F
0-1: Foul Ball, location: 2F
0-2: Ball
1-2: Ball
2-2: SINGLE (Line Drive, 9S)
Will O'Dell to third
Toshiki Kokawa to second
Runner from 3rd tries for Home, SAFE, no throw
Batting: RHB Dudley Helms 0-0: Hit by Pitch
Toshiki Kokawa to third
Rubén Eirado to second
Batting: SHB Juan Rodríguez 0-0: Ball
1-0: Foul Ball, location: 2F
1-1: DOUBLE (Line Drive, 89D)
Toshiki Kokawa scores
Rubén Eirado scores
Dudley Helms to third
Runner from 3rd tries for Home, SAFE, no throw
Pitching: RHP Jorge Martínez
Batting: RHB Noah Sturges 0-0: Foul Ball, location: 2F
0-1: SINGLE (Groundball, 3D)
Juan Rodríguez to third
Runner from 3rd tries for Home, SAFE, throw made home
Noah Sturges to second
Batting: RHB Jesús Solís 0-0: Called Strike
0-1: Ball
1-1: Foul Ball, location: 2F
1-2: Ball
2-2: Strikes out swinging
Bottom of the 1st over - 8 runs, 4 hits, 0 errors, 1 left on base; Barry's Bay 2 - Cincinnati 8
TOP OF THE 2ND
Barry's Bay Orioles batting - Pitching for Cincinnati Pride : RHP Harry Cuevas
Batting: RHB Sam Lynch 0-0: Ground out 5-3 (Groundball, 56)
Batting: RHB Octávio Aldeguer 0-0: Ball
1-0: Ball
2-0: Ball
3-0: Called Strike
3-1: Base on Balls
Batting: RHB Jason Cook 0-0: Ball
1-0: Fly out, F8 (Flyball, 8RD)
Batting: LHB Greg Sharpe 0-0: Ball
1-0: Called Strike
Octávio Aldeguer steals 2nd base
1-1: SINGLE (Line Drive, 4MD)
Octávio Aldeguer to third
Runner from 3rd tries for Home, SAFE, no throw
Batting: LHB Lúcio Gómez 0-0: Called Strike
Greg Sharpe steals 2nd base
0-1: Ball
1-1: Ball
2-1: Foul Ball, location: 2F
2-2: SINGLE (Line Drive, 89M)
Greg Sharpe to third
Runner from 3rd tries for Home, SAFE, no throw
Batting: LHB Joe Vásquez 0-0: Foul Ball, location: 2F
0-1: Foul Ball, location: 2F
0-2: Ball
1-2: Strikes out swinging
Top of the 2nd over - 2 runs, 2 hits, 0 errors, 1 left on base; Barry's Bay 4 - Cincinnati 8
BOTTOM OF THE 2ND
Cincinnati Pride batting - Pitching for Barry's Bay Orioles : RHP Jorge Martínez
Batting: LHB Carl Hayden 0-0: Ball
1-0: Called Strike
1-1: Foul Ball, location: 2F
1-2: Ball
2-2: SINGLE (Flyball, 7S)
Batting: LHB Will O'Dell 0-0: Ball
1-0: Swinging Strike
1-1: Called Strike
1-2: Strikes out looking
Batting: RHB Toshiki Kokawa 0-0: Ball
1-0: Called Strike
1-1: Fly out, F6 (Line Drive, 56D)
Batting: LHB Pablo Garza 0-0: Called Strike
0-1: Fielders Choice at 2nd, 5-4 (Groundball, 56)
Bottom of the 2nd over - 0 runs, 1 hit, 0 errors, 1 left on base; Barry's Bay 4 - Cincinnati 8
TOP OF THE 3RD
Barry's Bay Orioles batting - Pitching for Cincinnati Pride : RHP Harry Cuevas
Batting: RHB River Cunningham 0-0: Foul Ball, location: 2F
0-1: Swinging Strike
0-2: Fly out, F3 (Popup, 3S)
Batting: RHB Lynn Johnson 0-0: Ball
1-0: Called Strike
1-1: Foul Ball, location: 2F
1-2: Foul Ball, location: 2F
1-2: Ground out 6-3 (Groundball, 56D)
Batting: RHB Juan Morales 0-0: Ball
1-0: Ball
2-0: Fly out, F7 (Flyball, 7LM)
Top of the 3rd over - 0 runs, 0 hits, 0 errors, 0 left on base; Barry's Bay 4 - Cincinnati 8
BOTTOM OF THE 3RD
Cincinnati Pride batting - Pitching for Barry's Bay Orioles : RHP Jorge Martínez
Batting: LHB Rubén Eirado 0-0: Ball
1-0: Fly out, F7 (Flyball, 7LM)
Batting: RHB Dudley Helms 0-0: Ball
1-0: Swinging Strike
1-1: Fly out, F8 (Flyball, 8RM)
Batting: SHB Juan Rodríguez 0-0: Ball
1-0: Ball
2-0: Ball
3-0: Base on Balls
Batting: RHB Noah Sturges 0-0: Fielders Choice at 2nd, 6-4 (Groundball, 6)
Bottom of the 3rd over - 0 runs, 0 hits, 0 errors, 1 left on base; Barry's Bay 4 - Cincinnati 8
TOP OF THE 4TH
Barry's Bay Orioles batting - Pitching for Cincinnati Pride : RHP Harry Cuevas
Batting: RHB Sam Lynch 0-0: Called Strike
0-1: Foul Ball, location: 2F
0-2: Ball
1-2: DOUBLE (Flyball, 8LXD)
Batting: RHB Octávio Aldeguer 0-0: Ball
1-0: Foul Ball, location: 2F
1-1: Swinging Strike
1-2: Foul Ball, location: 2F
1-2: Foul Ball, location: 2F
1-2: Ball
2-2: Strikes out looking
Batting: RHB Jason Cook 0-0: Ball
Sam Lynch is caught stealing 3rd base
1-0: Foul Ball, location: 2F
1-1: Ball
2-1: Called Strike
2-2: Strikes out swinging
Top of the 4th over - 0 runs, 1 hit, 0 errors, 0 left on base; Barry's Bay 4 - Cincinnati 8
BOTTOM OF THE 4TH
Cincinnati Pride batting - Pitching for Barry's Bay Orioles : RHP Jorge Martínez
Batting: RHB Jesús Solís 0-0: SINGLE (Groundball, 6MD)
Batting: LHB Carl Hayden 0-0: Ball
1-0: Ball
2-0: Ball
3-0: Base on Balls
Jesús Solís to second
Batting: LHB Will O'Dell 0-0: Fly out, F6 (Line Drive, 6M)
Lined into DP, U6 (Line Drive, 6M)
Batting: RHB Toshiki Kokawa 0-0: Ball
1-0: Ball
2-0: Called Strike
2-1: Foul Ball, location: 2F
2-2: Strikes out swinging
Bottom of the 4th over - 0 runs, 1 hit, 0 errors, 1 left on base; Barry's Bay 4 - Cincinnati 8
TOP OF THE 5TH
Barry's Bay Orioles batting - Pitching for Cincinnati Pride : RHP Harry Cuevas
Batting: LHB Greg Sharpe 0-0: Ball
1-0: Foul Ball, location: 2F
1-1: Ball
2-1: Fly out, F8 (Line Drive, 8LS)
Batting: LHB Lúcio Gómez 0-0: Ball
1-0: Ball
2-0: Called Strike
2-1: Ball
3-1: Foul Ball, location: 2F
3-2: Strikes out looking
Batting: LHB Joe Vásquez 0-0: Called Strike
0-1: Swinging Strike
0-2: Ball
1-2: Strikes out swinging
Top of the 5th over - 0 runs, 0 hits, 0 errors, 0 left on base; Barry's Bay 4 - Cincinnati 8
BOTTOM OF THE 5TH
Cincinnati Pride batting - Pitching for Barry's Bay Orioles : RHP Jorge Martínez
Batting: LHB Pablo Garza 0-0: Ball
1-0: Called Strike
1-1: Ball
2-1: Fly out, F8 (Flyball, 8RD)
Batting: LHB Rubén Eirado 0-0: Ball
1-0: Fly out, F8 (Flyball, 8RS)
Batting: RHB Dudley Helms 0-0: Fly out, F7 (Line Drive, 78D)
Bottom of the 5th over - 0 runs, 0 hits, 0 errors, 0 left on base; Barry's Bay 4 - Cincinnati 8
TOP OF THE 6TH
Barry's Bay Orioles batting - Pitching for Cincinnati Pride : RHP Harry Cuevas
Batting: RHB River Cunningham 0-0: Called Strike
0-1: Ball
1-1: Ground out 4-3 (Groundball, 4)
Batting: RHB Lynn Johnson 0-0: Swinging Strike
0-1: Foul Ball, location: 2F
0-2: Ball
1-2: SINGLE (Groundball, 6D)
Batting: RHB Juan Morales 0-0: Ball
1-0: Ball
2-0: SINGLE (Groundball, 56D)
Lynn Johnson to second
Batting: RHB Sam Lynch 0-0: Called Strike
0-1: Ball
1-1: DOUBLE (Flyball, 8RXD)
Lynn Johnson scores
Juan Morales to third
Runner from 3rd tries for Home, SAFE, no throw
Pitching: LHP Armando Alvarado
Batting: RHB Octávio Aldeguer 0-0: Ball
1-0: Swinging Strike
1-1: Foul Ball, location: 2F
1-2: Foul Ball, location: 2F
1-2: Ground out 4-3 (Groundball, 34)
Sam Lynch to third
Batting: RHB Jason Cook 0-0: Ball
1-0: Foul Ball, location: 2F
1-1: Ball
2-1: Foul Ball, location: 2F
2-2: Fly out, F3 (Line Drive, 3)
Top of the 6th over - 2 runs, 3 hits, 0 errors, 1 left on base; Barry's Bay 6 - Cincinnati 8
BOTTOM OF THE 6TH
Cincinnati Pride batting - Pitching for Barry's Bay Orioles : RHP Jorge Martínez
Batting: SHB Juan Rodríguez 0-0: Foul Ball, location: 2F
0-1: Ball
1-1: Foul Ball, location: 2F
1-2: Ball
2-2: SINGLE (Groundball, 3D)
Pitching: RHP Marvin Dixon
Batting: RHB Noah Sturges 0-0: Ball
1-0: Ball
2-0: Ball
3-0: Base on Balls
Juan Rodríguez to second
Batting: RHB Jesús Solís 0-0: Ball
1-0: Called Strike
1-1: Swinging Strike
1-2: Ball
2-2: Strikes out swinging
Batting: LHB Carl Hayden 0-0: Ball
Juan Rodríguez steals 3rd base
Noah Sturges to second
1-0: Ball
2-0: Foul Ball, location: 2F
2-1: SINGLE (Line Drive, 78S)
Juan Rodríguez scores
Noah Sturges to third
Batting: LHB Will O'Dell 0-0: Ball
1-0: Ball
2-0: Called Strike
2-1: Swinging Strike
2-2: Ground out 4-3 (Groundball, 4MD)
Noah Sturges scores
Carl Hayden to second
Batting: RHB Toshiki Kokawa 0-0: Called Strike
0-1: Ball
1-1: Ball
2-1: Ball
3-1: Foul Ball, location: 2F
3-2: Hit by Pitch
Batting: LHB Pablo Garza 0-0: Ball
1-0: Ball
2-0: Ball
3-0: Called Strike
3-1: Base on Balls
Carl Hayden to third
Toshiki Kokawa to second
Batting: LHB Rubén Eirado 0-0: Ball
1-0: Fly out, F2 (Popup, 25F)
Bottom of the 6th over - 2 runs, 2 hits, 0 errors, 3 left on base; Barry's Bay 6 - Cincinnati 10
TOP OF THE 7TH
Barry's Bay Orioles batting - Pitching for Cincinnati Pride : LHP Armando Alvarado
Batting: LHB Greg Sharpe 0-0: Ball
1-0: Called Strike
1-1: Swinging Strike
1-2: Ground out 6-3 (Groundball, 6M)
Batting: LHB Lúcio Gómez 0-0: Ball
1-0: Foul Ball, location: 2F
1-1: Fly out, F5 (Popup, 5F)
Batting: LHB Joe Vásquez 0-0: Called Strike
0-1: Ball
1-1: Ground out 6-3 (Groundball, 6)
Top of the 7th over - 0 runs, 0 hits, 0 errors, 0 left on base; Barry's Bay 6 - Cincinnati 10
BOTTOM OF THE 7TH
Cincinnati Pride batting - Pitching for Barry's Bay Orioles : RHP Marvin Dixon
Batting: RHB Dudley Helms 0-0: Called Strike
0-1: Swinging Strike
0-2: Ball
1-2: Strikes out swinging
Batting: SHB Juan Rodríguez 0-0: Foul Ball, location: 2F
0-1: Swinging Strike
0-2: Strikes out swinging
Batting: RHB Noah Sturges 0-0: Ball
1-0: Foul Ball, location: 2F
1-1: Ball
2-1: Ball
3-1: Foul Ball, location: 2F
3-2: Base on Balls
Batting: RHB Jesús Solís 0-0: SINGLE (Groundball, 34D)
Noah Sturges to second
Runner from 2nd tries for 3rd, SAFE, no throw
Pitching: LHP Bernardo Valero
Batting: LHB Carl Hayden 0-0: Ball
1-0: Ball
2-0: Ball
3-0: Base on Balls
Jesús Solís to second
Batting: LHB Will O'Dell 0-0: Swinging Strike
0-1: Reached via error on a dropped throw, E3
Noah Sturges scores
Jesús Solís to third
Carl Hayden to second
Pitching: LHP José Meléndez
Batting: RHB Toshiki Kokawa 0-0: Foul Ball, location: 2F
0-1: Foul Ball, location: 2F
0-2: Ball
1-2: GRAND SLAM HOME RUN (Flyball, 9D), Distance : 410 ft
Batting: LHB Pablo Garza 0-0: Foul Ball, location: 2F
0-1: Called Strike
0-2: Ball
1-2: Ball
2-2: Ground out 1-3 (Groundball, P)
Bottom of the 7th over - 5 runs, 2 hits, 1 error, 0 left on base; Barry's Bay 6 - Cincinnati 15
TOP OF THE 8TH
Barry's Bay Orioles batting - Pitching for Cincinnati Pride : LHP Armando Alvarado
Batting: RHB River Cunningham 0-0: Called Strike
0-1: Foul Ball, location: 2F
0-2: Foul Ball, location: 2F
0-2: Strikes out swinging
Batting: RHB Lynn Johnson 0-0: Ball
1-0: SINGLE (Flyball, 8LS)
Batting: RHB Juan Morales 0-0: Ball
1-0: Ball
2-0: Ball
3-0: Called Strike
3-1: Swinging Strike
Balk!
Lynn Johnson to second
3-2: Foul Ball, location: 2F
3-2: Base on Balls
Batting: RHB Sam Lynch 0-0: Foul Ball, location: 2F
0-1: SINGLE (Flyball, 89S)
Lynn Johnson to third
Juan Morales to second
Runner from 3rd tries for Home, SAFE, throw made home
Batting: RHB Octávio Aldeguer 0-0: Ball
1-0: Foul Ball, location: 2F
1-1: Ball
2-1: Ball
3-1: Base on Balls
Juan Morales to third
Sam Lynch to second
Batting: RHB Jason Cook 0-0: Called Strike
0-1: Grounds into double play, 6-4-3 (Groundball, 6)
Top of the 8th over - 1 run, 2 hits, 0 errors, 2 left on base; Barry's Bay 7 - Cincinnati 15
BOTTOM OF THE 8TH
Cincinnati Pride batting - Pitching for Barry's Bay Orioles : LHP José Meléndez
Batting: LHB Rubén Eirado 0-0: Ball
1-0: Called Strike
1-1: Called Strike
1-2: SINGLE (Line Drive, 4MD)
Batting: RHB Dudley Helms 0-0: Ball
1-0: Grounds into double play, 1-6-3 (Groundball, P)
Batting: SHB Juan Rodríguez 0-0: Called Strike
0-1: Swinging Strike
0-2: Ball
1-2: Ball
2-2: Ball
3-2: Ground out 1-3 (Groundball, 13)
Bottom of the 8th over - 0 runs, 1 hit, 0 errors, 0 left on base; Barry's Bay 7 - Cincinnati 15
TOP OF THE 9TH
Barry's Bay Orioles batting - Pitching for Cincinnati Pride : LHP Armando Alvarado
Pitching: RHP Héctor Fabián
Batting: LHB Greg Sharpe 0-0: Ball
1-0: Called Strike
1-1: Ground out U3 (Groundball, 3)
Batting: LHB Lúcio Gómez 0-0: Ball
1-0: Ball
2-0: SINGLE (Line Drive, 8RS)
Batting: LHB Joe Vásquez 0-0: Called Strike
0-1: Ball
1-1: Foul Ball, location: 2F
1-2: Ball
2-2: Strikes out looking
Batting: RHB River Cunningham 0-0: Ball
1-0: Ball
2-0: Ball
3-0: Base on Balls
Lúcio Gómez to second
Batting: RHB Lynn Johnson 0-0: Ball
1-0: Called Strike
1-1: Ball
2-1: Ball
3-1: Foul Ball, location: 2F
3-2: Base on Balls
Lúcio Gómez to third
River Cunningham to second
Batting: RHB Juan Morales 0-0: Ball
1-0: Ground out 5-3 (Groundball, 56S)
Top of the 9th over - 0 runs, 1 hit, 0 errors, 3 left on base; Barry's Bay 7 - Cincinnati 15
Saturday, December 16th, 2017 - OOTP Baseball 18.8 Build 76